 Dungeon Crawl Stone Soup version 0.30-a0-1160-g6e42c06551 (webtiles) character file.

Game seed: 15397445015941472510

18422706 Wizard1ke the Minotaur Blade (level 27, 269/269 HPs)
             Began as a Minotaur Warper on Apr 25, 2023.
             Was a High Priest of the Shining One.
             Escaped with the Orb
             ... and 15 runes on Apr 26, 2023!
             The game lasted 06:41:39 (83024 turns).

Wizard1ke the Minotaur Blade (Minotaur Warper)     Turns: 83024, Time: 06:41:39

Health: 269/269    AC: 49    Str: 27    XL:     27
Magic:  34/39      EV: 32    Int: 10    God:    the Shining One [*****.]
Gold:   12270      SH: 54    Dex: 39    Spells: 12/28 levels left

rFire   + + +        B - +9 eudemon blade (holy)
rCold   + . .        O - +6 tower shield of Untruth {rF+ rN+}
rNeg    + + +        r - +12 gold dragon scales
rPois   +            y - +2 hat
rElec   +            d - scarf of Exclusion {+Inv, Fly rElec rC- Str+3}
rCorr   .            A - +2 pair of gloves of Vexation {rC+ Str+2 Dex+4}
SInv    .            c - +1 pair of boots of the Baking Gods {*Corrode Will+++ Dex+7 Stlth-}
Will    +++++        t - amulet of Oreelo {Will+ Regen+ Str+2} Stlth
                     I - +6 ring of dexterity
HPRegen 1.44/turn    E - ring of protection from fire
MPRegen 0.26/turn

%: corrode self (3%)
@: divinely shielded, flying, glowing, studying 3 skills
A: horns 2, retaliatory headbutt, iridescent scales 1, thin skeletal structure
1, deterioration 1, evolution 1, subdued magic 1, MP-powered wands
0: Orb of Zot
}: 15/15 runes: serpentine, barnacled, slimy, silver, golden, iron, obsidian,
icy, bone, abyssal, demonic, glowing, magical, fiery, dark
a: Renounce Religion, Evoke Invisibility, Divine Shield, Cleansing Flame, Summon
Divine Warrior


You escaped.
You worshipped the Shining One.
The Shining One was extremely pleased with you.
You visited 18 branches of the dungeon, and saw 88 of its levels.
You visited Pandemonium 1 time, and saw 16 of its levels.
You visited the Abyss 1 time.
You also visited: Ossuary and Ice Cave.

You collected 17897 gold pieces.
You spent 5627 gold pieces at shops.

Inventory:

Hand Weapons
 v - the +8 trishula "Condemnation" {holy, anguish, *Noise Fly rN+}
   (You found it on level 3 of the Tomb of the Ancients)

   rN:        It protects you from negative energy.
   Fly:       It grants you flight.
   *Noise:    It may make noises in combat.
 B - a +9 eudemon blade of holy wrath (weapon)
Missiles
 R - 11 curare-tipped darts
 T - 4 throwing nets
Armour
 c - the +1 pair of boots of the Baking Gods (worn) {*Corrode Will+++ Dex+7 Stlth-}
   (Okawaru gifted it to you on level 1 of the Vaults)

   Dex:       It affects your dexterity (+7).
   *Corrode:  It may corrode you when you take damage.
   Will:      It greatly increases your willpower.
   Stlth:     It makes you less stealthy.
 d - the scarf of Exclusion (worn) {+Inv, Fly rElec rC- Str+3}
   (You acquired it on level 2 of the Elven Halls)

   Str:       It affects your strength (+3).
   rC:        It makes you vulnerable to cold.
   rElec:     It insulates you from electricity.
   Fly:       It grants you flight.
 r - +12 gold dragon scales (worn)
 y - a +2 hat (worn)
 A - the +2 pair of gloves of Vexation (worn) {rC+ Str+2 Dex+4}
   (Okawaru gifted it to you on level 3 of the Shoals)

   Str:       It affects your strength (+2).
   Dex:       It affects your dexterity (+4).
   rC:        It protects you from cold.
 N - the +7 tower shield of the Lizard {rCorr}
   (You took it off a daeva in Pandemonium)

   rCorr:     It protects you from acid and corrosion.
 O - the +6 tower shield of Untruth (worn) {rF+ rN+}
   (You took it off a daeva in Pandemonium)

   rF:        It protects you from fire.
   rN:        It protects you from negative energy.
Jewellery
 g - the ring of Ruovain {rCorr EV+5 Str+4 Dex-2}
   (You took it off a skeletal warrior on level 1 of the Crypt)

   [ring of evasion]

   EV:        It affects your evasion (+5).
   Str:       It affects your strength (+4).
   Dex:       It affects your dexterity (-2).
   rCorr:     It protects you from acid and corrosion.
 t - the amulet of Oreelo (around neck) {Will+ Regen+ Str+2}
   (You bought it in a shop on level 2 of the Orcish Mines)

   [amulet of regeneration]

   Str:       It affects your strength (+2).
   Regen:     It increases your rate of health regeneration.
   Will:      It increases your willpower.
 D - a +6 ring of dexterity
 E - a ring of protection from fire (right hand)
 I - a +6 ring of dexterity (left hand)
 V - the ring of Cutzem {Will+ Dex+2 Slay+3}
   (You found it in Pandemonium)

   [ring of willpower]

   Dex:       It affects your dexterity (+2).
   Slay:      It affects your accuracy & damage with ranged weapons and melee
   (+3).
   Will:      It increases your willpower.
Wands
 i - a wand of digging (27)
 l - a wand of light (30)
 K - a wand of paralysis (57)
 L - a wand of mindburst (46)
 Z - a wand of iceblast (71)
Scrolls
 f - a scroll of enchant armour
 h - a scroll of magic mapping
 p - 6 scrolls of poison
 q - 23 scrolls of teleportation
 s - 17 scrolls of immolation
 u - 2 scrolls of amnesia
 z - 10 scrolls of vulnerability
 C - 8 scrolls of fear
 G - 13 scrolls of blinking
 M - 8 scrolls of butterflies
 X - 9 scrolls of fog
Potions
 a - 7 potions of mutation
 b - 6 potions of ambrosia
 e - 30 potions of curing
 j - 14 potions of attraction
 m - 10 potions of heal wounds
 x - 6 potions of haste
 F - 14 potions of might
 H - 8 potions of lignification
 P - 2 potions of resistance
 Q - 12 potions of flight
 S - a potion of magic
 W - a potion of brilliance
 Y - a potion of cancellation
Miscellaneous
 k - a tin of tremorstones (2/2)
 n - a phantom mirror
 o - a box of beasts
 w - a lightning rod (4/4)
 J - a figurine of a ziggurat
 U - a phial of floods


   Skills:
 - Level 26.0 Fighting
 - Level 26.5 Long Blades
 - Level 7.9 Axes
 - Level 1.0 Throwing
 - Level 26.0 Armour
 + Level 24.4 Dodging
 - Level 26.0 Shields
 - Level 1.3 Spellcasting
 - Level 20.0 Translocations
 - Level 10.0 Air Magic
 - Level 26.0 Invocations
 - Level 10.0 Evocations


You had 12 spell levels left.
You knew the following spells:

 Your Spells              Type           Power      Damage    Failure   Level
a - Blink                 Tloc           62%        N/A       1%          2
b - Vhi's Electric Charg  Tloc/Air       46%        N/A       1%          3
c - Manifold Assault      Tloc           31%        N/A       1%          4
d - Apportation           Tloc           62%        N/A       1%          1
e - Dispersal             Tloc           15%        N/A       8%          6

Your spell library contained the following spells:

 Spells                   Type           Power      Damage    Failure   Level
 Lesser Beckoning         Tloc           62%        N/A       1%          2
 Gell's Gravitas          Tloc           31%        N/A       1%          3
 Teleport Other           Tloc           31%        N/A       1%          3
 Passage of Golubria      Tloc           31%        N/A       1%          4
 Momentum Strike          Conj/Tloc      30%        3d8       4%          2
 Portal Projectile        Hex/Tloc       30%        N/A       10%         3
 Swiftness                Air            15%        N/A       10%         3
 Volatile Blastmotes      Fire/Tloc      30%        2d12      10%         3
 Shock                    Conj/Air       32%        1d5       26%         1
 Airstrike                Air            7%         2d(2-18)  32%         4
 Iskenderun's Mystic Bla  Conj/Tloc      15%        2d5       32%         4
 Poisonous Vapours        Pois/Air       16%        N/A       38%         2
 Static Discharge         Conj/Air       16%        2-3/arc   38%         2
 Cigotuvi's Dreadful Rot  Necr/Pois/Air  10%        N/A       63%         2
 Summon Forest            Summ/Tloc      7%         N/A       69%         5
 Beastly Appendage        Tmut           0%         N/A       92%         1
 Freeze                   Ice            0%         1d3       92%         1
 Kiss of Death            Conj/Necr      0%         2d5       92%         1
 Magic Dart               Conj           0%         1d3       92%         1
 Necrotise                Necr           0%         1d4       92%         1
 Sandblast                Erth           0%         2d4       92%         1
 Slow                     Hex            0%         N/A       92%         1
 Sting                    Tmut/Pois      0%         1d3       92%         1
 Summon Small Mammal      Summ           0%         N/A       92%         1
 Summon Lightning Spire   Summ/Air       8%         N/A       96%         4
 Call Imp                 Summ           0%         N/A       98%         2
 Ensorcelled Hibernation  Hex/Ice        0%         N/A       98%         2
 Passwall                 Tmut/Erth      0%         N/A       98%         2
 Scorch                   Fire           0%         2d5       98%         2
 Searing Ray              Conj           0%         2d4       98%         2
 Sublimation of Blood     Necr           0%         N/A       98%         2
 Wereblood                Tmut           0%         N/A       98%         2
 Disjunction              Tloc           15%        N/A       99%         8
 Confusing Touch          Hex            0%         N/A       100%        3
 Dazzling Flash           Conj/Hex       0%         N/A       100%        3
 Frozen Ramparts          Ice            0%         1d1       100%        3
 Hailstorm                Conj/Ice       0%         3d3       100%        3
 Ignite Poison            Fire/Tmut/Pois 0%         N/A       100%        3
 Inner Flame              Hex/Fire       0%         N/A       100%        3
 Ozocubu's Armour         Ice            0%         N/A       100%        3
 Spider Form              Tmut/Pois      0%         N/A       100%        3
 Stone Arrow              Conj/Erth      0%         3d7       100%        3
 Summon Guardian Golem    Hex/Summ       0%         N/A       100%        3
 Tukima's Dance           Hex            0%         N/A       100%        3
 Vampiric Draining        Necr           0%         2d6       100%        3
 Anguish                  Hex/Necr       0%         N/A       100%        4
 Animate Armour           Summ/Erth      0%         N/A       100%        4
 Cause Fear               Hex            0%         N/A       100%        4
 Dispel Undead            Necr           0%         3d6       100%        4
 Flame Wave               Conj/Fire      0%         2d4       100%        4
 Fulminant Prism          Conj/Hex       0%         3d5       100%        4
 Ice Form                 Ice/Tmut       0%         N/A       100%        4
 Olgreb's Toxic Radiance  Pois           0%         N/A       100%        4
 Petrify                  Tmut/Erth      0%         N/A       100%        4
 Sticky Flame             Conj/Fire      0%         2d3       100%        4
 Agony                    Necr           0%         N/A       100%        5
 Alistair's Intoxication  Tmut/Pois      0%         N/A       100%        5
 Blade Hands              Tmut           0%         N/A       100%        5
 Fireball                 Conj/Fire      0%         3d3       100%        5
 Irradiate                Conj/Tmut      0%         3d11      100%        5
 Iskenderun's Battlesphe  Conj           0%         2d6       100%        5
 Lee's Rapid Deconstruct  Erth           0%         3d4*      100%        5
 Metabolic Englaciation   Hex/Ice        0%         N/A       100%        5
 Silence                  Hex/Air        4%         N/A       100%        5
 Yara's Violent Unravell  Hex/Tmut       0%         3d3       100%        5
 Conjure Ball Lightning   Conj/Air       4%         3x3d6     100%        6
 Death Channel            Necr           0%         N/A       100%        6
 Eringya's Noxious Bog    Tmut/Pois      0%         N/A       100%        6
 Iron Shot                Conj/Erth      0%         9d1       100%        6
 Simulacrum               Ice/Necr       0%         N/A       100%        6
 Starburst                Conj/Fire      0%         6d3       100%        6
 Statue Form              Tmut/Erth      0%         N/A       100%        6
 Summon Cactus Giant      Summ           0%         N/A       100%        6
 Dragon Form              Tmut           0%         N/A       100%        7
 Enfeeble                 Hex            0%         N/A       100%        7
 Orb of Destruction       Conj           0%         9d5       100%        7
 Ozocubu's Refrigeration  Ice            0%         4d7       100%        7
 Spellforged Servitor     Conj/Summ      0%         N/A       100%        7
 Storm Form               Tmut/Air       4%         N/A       100%        7
 Summon Hydra             Summ           0%         N/A       100%        7
 Borgnjor's Revivificati  Necr           0%         N/A       100%        8
 Discord                  Hex            0%         N/A       100%        8
 Ignition                 Fire           0%         3d3       100%        8
 Lehudib's Crystal Spear  Conj/Erth      0%         10d2      100%        8
 Maxwell's Capacitive Co  Air            7%         ∞         100%        8
 Necromutation            Tmut/Necr      0%         N/A       100%        8
 Death's Door             Necr           0%         N/A       100%        9
 Dragon's Call            Summ           0%         N/A       100%        9


Dungeon Overview and Level Annotations

Branches:
Dungeon (15/15)            Temple (1/1) D:4            Lair (5/5) D:11
 Shoals (4/4) Lair:2        Snake (4/4) Lair:2        Slime (5/5) Lair:5
    Orc (2/2) D:10            Elf (3/3) Orc:2        Vaults (5/5) D:13
  Crypt (3/3) Vaults:3       Tomb (3/3) Crypt:3      Depths (4/4) D:15
   Hell (visited)             Dis (7/7) Hell            Geh (7/7) Hell
    Coc (7/7) Hell            Tar (7/7) Hell            Zot (5/5) Depths:4
Ossuary (visited)           IceCv (visited)

Altars:
Ashenzari
Cheibriados
Dithmenos
Elyvilon
Fedhas
Gozag
Hepliaklqana
Kikubaaqudgha
Makhleb
Nemelex Xobeh
Okawaru
Qazlal
Ru
Sif Muna
Trog
Uskayaw
Vehumet
Wu Jian
Xom
Yredelemnul
Zin
The Shining One
Jiyva

Shops:
D:10 [   D:13 =   Orc:2 =[=(?[*?!   Elf:2 =:=   Elf:3 !   Snake:4 :(
Vaults:1 *   Vaults:2 *   Vaults:3 *   Vaults:4 :[   Depths:2 ?

Portals:
Hell: Depths:1 Depths:2 Depths:3 Depths:4
Abyss: Depths:3
Pandemonium: Depths:2 Depths:3
Ziggurat: Depths:1

Annotations:
D:4 1 exclusion
D:5 exclusion: upstairs
D:10 1 transporter
D:14 Roxanne
Elf:2 3 runed translucent doors
Depths:2 exclusion: obsidian statue
Dis:7 Dispater
Zot:3 2 runed translucent doors, exclusion: 2 doors, Qaniympis's ghost, veteran DgEE
Zot:4 6 transporters
Zot:5 2 transporters, freelancePsychic's ghost, veteran DgFE


Innate Abilities, Weirdness & Mutations

You have a pair of horns on your head.
You reflexively headbutt those who attack you in melee.
You are partially covered in iridescent scales. (AC +2)
You have a somewhat thin skeletal structure. (Dex +2, Stealth+)
Your body sometimes deteriorates upon taking damage.
You have hidden genetic potential.
Your spells are a little easier to cast, but a little less powerful.
You expend magic power (3 MP) to strengthen your wands.


Message History

You furiously retaliate!
You headbutt Meomm! You completely miss Meomm.
Meomm is severely wounded.
You block Meomm's attack.
You cut Meomm into ribbons!!!
Meomm convulses!!!!
You kill Meomm!
The Shining One accepts your kill.
You feel your power returning. You block the hellwing's attack.
The hellwing completely misses you.
You barely miss the hellwing. You headbutt the hellwing!
The hellwing is moderately wounded.
You block the hellwing's attack. x2
You chop the hellwing into pieces!!!
You kill the hellwing!
The Shining One accepts your kill.
No target in view!
No target in view!
(D) Dungeon (T) Temple (L) Lair (A) Shoals (P) Snake Pit (M) Slime Pits (O) Orcish Mines (E) Elven Halls (V) Vaults (C) Crypt (W) Tomb (U) Depths (H) Hell (I) Dis (G) Gehenna (X) Cocytus (Y) Tartarus (Z) Zot
Where to? (Enter - D:1 @ (x,y), ? - help)
What level of the Dungeon? (default 1, ? - help)
There is a stone staircase leading up here.
You fly upwards.
There is a stone staircase leading down, spattered with blood here.
Things that are here:
3 stones; a +0 club
There is an open door here.
A tormentor comes into view.
Space momentarily warps into an impossible shape!
You slice the tormentor!!
The tormentor convulses!!
You kill the tormentor!
The Shining One accepts your kill.
You feel your power returning.
There is a staircase leading out of the dungeon here.
Your divine shield is renewed.
You can't go down here!
You have escaped!

..#.#######.########..##.#.#
....#..................#...#
......#####.####+####..#####
###.........####.####....#
#.#..##.[##..#.#..##.#.#
#.#...#.)#.#.#.#.#.#...#
#.#....>.#..#...#..#..##
###.#.###(####.....####.#
.##.....(.'.....@.....+.#
.##.##.#######.....####.#
.#####.# #..#...#..##.#
....##.# #.#.#.#.#.##.#
###.##.# ##..#.#..###.#
#.##.# ####.######.# #....#
#'#......# ###### #...######
#####


There were no monsters in sight!

Vanquished Creatures
  Asmodeus (Geh:7)
  Antaeus (Coc:7)
  the Royal Jelly (Slime:5)
  Ereshkigal (Tar:7)
  Gloorx Vloq (Pan)
  Lom Lobon (Pan)
  the Serpent of Hell (Geh:7)
  4 dread liches
  4 ancient liches
  3 orbs of fire
  Mennas (Depths:3)
  A juggernaut (Depths:2)
  16 royal mummies
  Vv (Crypt:3)
  Boris (Crypt:2)
  4 Killer Klowns
  Frederick (Vaults:4)
  12 shard shrikes
  4 pandemonium lords
  Vashnia (Snake:2)
  Geryon (Hell)
  Saint Roka (Vaults:4)
  29 caustic shrikes
  3 curse toes
  12 golden dragons
  7 profane servitors
  20 bone dragons
  2 pearl dragons (Pan)
  5 Tzitzimimeh
  8 Brimstone Fiends
  The ghost of Omiorith the Warrior, an adept GrFi of Cheibriados (Crypt:2)
  10 hellephants
  3 electric golems
  2 iron giants (Dis:7)
  A spectral shard shrike (Tar:7)
  Zenata (Vaults:3)
  Grunn (Zot:3)
  19 tentacled monstrosities
  11 doom hounds
  20 Ice Fiends
  Rupert (Lair:5)
  8 quicksilver dragons
  9 tainted leviathans
  9 liches
  9 Hell Sentinels
  A walking divine tome (Depths:4)
  22 titans
  6 deep elf blademasters
  2 krakens
  Polyphemus (Shoals:3)
  11 sphinxes
  11 deep elf master archers
  22 Orb Guardians (Zot:5)
  17 searing wretches
  16 Executioners (Pan)
  19 acid blobs
  6 tentacled starspawn
  26 ancient champions
  5 shadow dragons
  8 death cobs
  Kirke (D:12)
  A sphinx (shapeshifter) (Vaults:5)
  2 tengu reavers (Vaults:5)
  14 storm dragons
  7 daevas (Pan)
  Donald (Shoals:1)
  3 draconian monks
  7 revenants
  5 nagarajas
  The ghost of jejorda2 the Phalangite, an adept MfBe of Trog (Snake:2)
  5 rockslimes
  Ilsuiw (Shoals:3)
  6 azure jellies
  23 fire giants
  2 demonspawn warmongers (Pan)
  8 deep elf sorcerers
  5 draconian knights
  8 narguns
  21 frost giants
  5 draconian scorchers
  14 quicksilver elementals
  26 balrugs
  A caustic shrike zombie (Crypt:3)
  2 iron dragons
  20 vault wardens
  2 ghost moths
  5 deep elf elementalists
  2 curse skulls (Pan)
  An orc warlord (Vaults:3)
  A juggernaut zombie (Crypt:3)
  4 draconian shifters
  4 demonspawn corrupters (Pan)
  7 ghouls
  12 ironbound preservers
  10 shard shrike simulacra
  6 angels (Pan)
  2 demonspawn blood saints (Pan)
  15 reapers
  13 war gargoyles
  5 draconian annihilators
  30 very ugly things
  3 draconian stormcallers
  3 ironbound thunderhulks
  9 deep elf demonologists
  16 apis (Pan)
  6 quicksilver oozes
  7 spriggan defenders
  6 cacodemons
  3 ophanim (Pan)
  4 caustic shrike skeletons
  A broodmother (shapeshifter) (Vaults:5)
  17 elemental wellsprings
  6 vampire knights
  13 red draconians
  20 stone giants
  13 green draconians
  11 white draconians
  3 demonspawn black suns (Pan)
  A minotaur (Shoals:4)
  16 putrid mouths
  8 black draconians
  8 bennus
  9 lorocyprocas (Pan)
  7 purple draconians
  8 spark wasps
  12 yellow draconians
  10 wendigos
  8 dire elephants
  6 deep elf annihilators
  2 crystal guardians (Vaults:4)
  3 iron golems
  12 ettins
  19 blizzard demons
  9 eidola
  A quicksilver dragon zombie (Crypt:2)
  11 deep elf death magi
  3 merfolk javelineers
  12 fire dragons
  2 spectral quicksilver dragons
  14 green deaths
  2 spectral elves (Elf:3)
  A fire dragon (shapeshifter) (D:15)
  19 mummy priests
  A merfolk impaler (Shoals:3)
  16 yaktaur captains
  A spectral iron giant (Tar:1)
  11 jiangshi
  6 deep elf high priests
  2 entropy weavers (Vaults:1)
  11 great orbs of eyes
  A spectral fenstrider witch (Tar:1)
  2 hydras (Lair:5)
  A fenstrider witch zombie (Crypt:2)
  6 ice dragons
  3 spectral spriggans
  42 vault guards
  4 ogre magi (Vaults:5)
  2 peacekeepers
  An Orb Guardian zombie (Crypt:1)
  4 spriggan skeletons (Crypt:3)
  7 rakshasas
  9 caustic shrike simulacra
  The ghost of lunkers the Geomancer, a novice MeEE of Sif Muna (D:6)
  5 juggernaut simulacra
  16 centaur warriors
  3 ironbound frosthearts
  Erolcha (D:9)
  2 catoblepae
  3 death knights
  A spriggan air mage (Depths:4)
  9 salamander tyrants
  An alligator snapping turtle (Shoals:1)
  4 hell beasts
  8 anacondas
  9 two-headed ogres
  Erica (D:11)
  An alligator (Shoals:1)
  6 merfolk avatars
  4 stokers
  2 merfolk aquamancers
  15 naga warriors
  5 boulder beetles
  7 vampire magi
  15 dancing weapons
  11 satyrs
  51 death scarabs
  4 tengu warriors
  7 death yaks
  7 deep troll earth magi
  18 hell hogs
  4 orc high priests
  2 thrashing horrors
  A spectral dire elephant (Tar:3)
  A spectral naga (Tar:4)
  4 deep troll shamans
  3 spriggan berserkers
  A quicksilver ooze zombie (Crypt:1)
  8 hell knights
  11 naga sharpshooters
  8 shock serpents
  21 soul eaters
  Nergalle (D:10)
  6 iron trolls
  52 sun demons
  7 skysharks
  5 spriggans
  5 wretched stars
  5 salamander mystics
  22 deep elf knights
  9 shadow wraiths
  40 skeletal warriors
  3 quicksilver dragon simulacra
  6 titan skeletons (Crypt:3)
  5 cherubim
  15 sixfirhies
  18 sea snakes
  23 large abominations
  4 glowing orange brains
  The ghost of mandoloar the Insei, a novice OpTm of Cheibriados (D:6)
  9 naga ritualists
  A swamp dragon (Lair:5)
  3 flayed ghosts
  A spark wasp zombie (Crypt:2)
  2 bog bodies (Crypt:1)
  29 deep trolls
  A spectral hydra (Tar:3)
  9 wizards
  36 starcursed masses
  3 bunyip skeletons
  15 ironbound convokers
  7 shadow demons (Pan)
  23 deep elf archers
  40 harpies
  13 lindwurms
  13 phantasmal warriors
  26 deep elf zephyrmancers
  6 mana vipers
  14 necromancers
  13 orc knights
  29 deep elf pyromancers
  2 anaconda skeletons
  2 oklob plants (Abyss:3)
  A frost giant zombie (Vaults:4)
  20 manticores
  2 stone giant zombies
  A shadow dragon skeleton (Crypt:3)
  A wolf spider (D:13)
  63 ugly things
  6 orc sorcerers
  11 salamanders
  A spectral ettin (Tar:3)
  A spectral fire dragon (Tar:1)
  6 cyclopes
  29 fauns
  7 shining eyes
  3 worldbinders
  4 stone giant skeletons
  A goliath frog skeleton (Crypt:1)
  27 moths of wrath
  A spectral centaur (Tar:1)
  A toenail golem (Pan)
  7 merfolk sirens
  24 vault sentinels
  36 black mambas
  3 titan simulacra
  9 demonic crawlers (Pan)
  8 rust devils
  10 smoke demons
  An apocalypse crab (Abyss:3)
  2 eyes of devastation (Slime:5)
  18 elephants
  4 water nymphs
  6 guardian serpents
  6 cane toads
  3 naga skeletons
  7 molten gargoyles (Geh:7)
  19 yaktaurs
  11 orange demons
  A kobold demonologist (D:9)
  Maggie (D:7)
  46 hellions
  13 naga magi
  3 spriggan zombies
  A dire elephant skeleton (Tomb:2)
  A gargoyle (D:14)
  2 centaur skeletons
  4 freezing wraiths
  16 komodo dragons
  3 anaconda simulacra
  6 rime drakes
  6 efreet
  A bunyip simulacrum (Coc:2)
  The ghost of BlasphemerAmon the Shield-Bearer, a novice GrFi of Ashenzari (D:7)
  An alligator snapping turtle skeleton (Crypt:2)
  3 ice devils
  2 tengu conjurers (Depths:2)
  16 tormentors
  A yaktaur skeleton (Vaults:4)
  5 iron giant simulacra
  4 red devils
  A golden dragon simulacrum (Coc:4)
  2 harpy zombies (Hell)
  2 silent spectres
  An ancient zyme (Abyss:3)
  4 spectral harpies
  The ghost of Sobieck the Arsonist, a novice DEVM (D:6)
  44 guardian mummies
  A polar bear (Lair:5)
  An unseen horror skeleton (Crypt:1)
  12 hellwings
  3 meliai (D:15)
  A queen bee (shapeshifter) (Abyss:2)
  9 trolls
  4 wind drakes
  9 saltlings (Orc:2)
  3 harpy skeletons
  25 merfolk
  A tarantella zombie (Crypt:3)
  5 raiju
  23 dream sheep
  An ettin zombie (Crypt:3)
  8 hornets
  11 snapping turtles
  2 stone giant simulacra
  48 slime creatures
  2 spectral black mambas (Tar:1)
  34 blink frogs
  2 jumping spiders (Vaults:1)
  2 iron dragon simulacra
  A shadow (D:12)
  14 water elementals
  16 ynoxinuls
  2 air elementals
  2 vampires
  A fire dragon skeleton (Crypt:3)
  26 flying skulls
  3 dire elephant simulacra
  8 wraiths
  45 yaks
  3 fire bats (Pan)
  8 basilisks
  4 hogs (D:12)
  22 humans
  7 wyverns
  23 ushabtiu
  3 fire elementals
  2 golden eyes (Slime:5)
  6 steam dragons
  A death yak simulacrum (IceCv)
  5 chaos spawn
  An alligator snapping turtle simulacrum (Coc:2)
  2 redbacks (Vaults:1)
  A naga zombie (Tomb:1)
  41 nagas
  8 neqoxecs
  6 wargs
  15 harpy simulacra
  7 acid dragons
  17 water moccasins
  Duvessa (D:7)
  7 hell hounds
  2 floating eyes
  A two-headed ogre skeleton (Pan)
  39 orc warriors
  2 swamp drakes (Lair:5)
  A black bear (shapeshifter) (Elf:1)
  2 black bears
  A hydra simulacrum (Coc:7)
  2 sky beasts
  5 ettin simulacra
  A dream sheep zombie (Crypt:2)
  8 ogres
  A hog zombie (Crypt:2)
  7 wolves
  7 centaurs
  A dream sheep skeleton (Crypt:3)
  A manticore skeleton (Crypt:1)
  3 elf simulacra (Elf:3)
  A phantom (D:4)
  A blink frog skeleton (Crypt:1)
  An elf zombie (Ossuary)
  6 kobold brigands
  9 bullfrogs
  A vine stalker zombie (Crypt:2)
  A necrophage (Crypt:1)
  3 scorpions
  4 earth elementals
  3 gnoll sergeants
  Dowan (D:7)
  8 small abominations
  27 wights
  A shapeshifter zombie (Crypt:2)
  2 elephant simulacra (IceCv)
  10 killer bees
  3 electric eels
  2 howler monkeys
  3 centaur zombies
  2 human zombies
  2 jellies
  A quasit (Abyss:2)
  33 orc priests
  Crazy Yiuf (D:6)
  A black bear zombie (Crypt:3)
  3 hounds
  A basilisk skeleton (Crypt:3)
  8 iguanas
  A sleepcap (D:8)
  32 orc wizards
  5 hell rats (Hell)
  2 troll simulacra (D:11)
  2 polar bear simulacra (Lair:5)
  4 wolf simulacra (Lair:5)
  2 spriggan simulacra
  2 yak simulacra (Lair:5)
  A hound zombie (Ossuary)
  56 mummies
  A howler monkey zombie (Crypt:2)
  2 howler monkey skeletons
  12 adders
  17 gnolls
  2 naga simulacra (D:11)
  A swamp drake zombie (Crypt:3)
  5 shadow imps
  2 white imps
  6 ufetubi
  2 adder zombies (Ossuary)
  A worm (D:4)
  4 dart slugs
  82 orcs
  7 bats
  6 endoplasms
  3 giant cockroaches
  3 gnoll zombies (Ossuary)
  8 goblins
  6 hobgoblins
  2 jackals (D:4)
  27 kobolds
  4 quokkas
  A ball python (D:1)
  A ball python skeleton (Crypt:3)
  5 frilled lizards
  A frilled lizard skeleton (Crypt:1)
  3 goblin zombies
  5 hobgoblin zombies (Ossuary)
  4 jackal zombies (Ossuary)
  3 kobold zombies (Ossuary)
  2 orc zombies (Ossuary)
  4 quokka zombies (Ossuary)
  4 rats
  4 rat zombies
  3 river rat simulacra (Lair:5)
  A river rat skeleton (Crypt:1)
  5 ball lightnings (Pan)
  4 creeping infernos
  16 fire vortices
  2 starspawn tentacles (Abyss:3)
  8 tentacles
3689 creatures vanquished.

Vanquished Creatures (collateral kills)
  Cerebov (Pan)
  4 Executioners (Pan)
  An ancient champion (Tomb:3)
  5 daevas (Pan)
  A frost giant (Pan)
  A red draconian (Pan)
  A white draconian (Pan)
  A salamander tyrant (Geh:7)
  A soul eater (Pan)
  A deep elf knight (Pan)
  A large abomination (Pan)
  A sixfirhy (Pan)
  2 shadow wraiths (Pan)
  3 deep elf archers (Pan)
  A deep elf pyromancer (Pan)
  4 slime creatures (Slime:1)
  A naga skeleton (Pan)
  A mummy (Tomb:3)
  2 fire vortices (Pan)
33 creatures vanquished.

Vanquished Creatures (others)
  A deep elf blademaster (Pan)
  A fire giant (Depths:1)
  A balrug (Pan)
  A shard shrike simulacrum (Coc:7)
  A demonspawn corrupter (Pan)
  A draconian annihilator (Pan)
  A demonspawn blood saint (Pan)
  A stone giant (Pan)
  A purple draconian (Zot:4)
  A black draconian (Zot:4)
  2 caustic shrike simulacra (Coc:7)
  A rakshasa (Pan)
  2 juggernaut simulacra (Coc:7)
  A naga warrior (Snake:3)
  3 deep elf knights
  A soul eater (Hell)
  3 quicksilver dragon simulacra
  A glowing orange brain (Pan)
  2 harpies
  A deep elf pyromancer (Elf:2)
  2 titan simulacra
  A smoke demon (Pan)
  2 iron giant simulacra (Coc:7)
  2 flying skulls (Crypt:1)
  A fire bat (Pan)
  3 harpy simulacra
  An orc warrior (Elf:3)
  2 ettin simulacra
  4 orcs
  4 ball lightnings (Pan)
  A bush (Lair:5)
  A creeping inferno (Geh:2)
  A demonic plant (Abyss:3)
  2 fire vortices
  28 fungi
  A lost soul (Elf:3)
  91 plants
  12 starspawn tentacles
  19 tentacles
  4 withered plants (D:6)
209 creatures vanquished.

Grand Total: 3931 creatures vanquished

Notes
Turn   | Place    | Note
-------+----------+-------------------------------------------
     0 | D:1      | Wizard1ke the Minotaur Warper began the quest for the Orb.
     0 | D:1      | Reached XP level 1. HP: 18/18 MP: 1/1
    48 | D:1      | Found a faded altar of an unknown god.
    65 | D:1      | Reached XP level 2. HP: 25/25 MP: 3/3
   692 | D:2      | Reached XP level 3. HP: 29/31 MP: 4/4
   760 | D:2      | Reached skill level 1 in Shields
  1133 | D:2      | Reached XP level 4. HP: 22/38 MP: 5/5
  2340 | D:3      | Reached XP level 5. HP: 40/46 MP: 6/6
  2436 | D:3      | Reached skill level 5 in Axes
  2861 | D:4      | Noticed a phantom
  2890 | D:4      | Killed a phantom
  2891 | D:4      | Reached XP level 6. HP: 45/53 MP: 7/7
  2937 | D:4      | Found a hazy altar of Hepliaklqana.
  3058 | D:4      | Found a staircase to the Ecumenical Temple.
  3072 | Temple   | Entered the Ecumenical Temple
  3161 | Temple   | Became a worshipper of Warmaster Okawaru
  4133 | D:5      | Entered Level 5 of the Dungeon
  4259 | D:5      | Reached skill level 5 in Fighting
  4259 | D:5      | Reached XP level 7. HP: 61/61 MP: 8/8
  4779 | D:5      | Reached * piety under Okawaru
  5077 | D:5      | Reached skill level 1 in Invocations
  5436 | D:6      | Reached skill level 1 in Long Blades
  5439 | D:6      | Reached XP level 8. HP: 52/70 MP: 9/9
  5559 | D:6      | Found a runed translucent gate.
  5561 | D:6      | Found a runed translucent gate.
  5561 | D:6      | Found a runed translucent gate.
  5561 | D:6      | Noticed Sobieck's ghost (novice DEVM)
  5561 | D:6      | Noticed lunkers's ghost (novice MeEE)
  5561 | D:6      | Noticed mandoloar's ghost (novice OpTm)
  5573 | D:6      | Reached skill level 5 in Long Blades
  5952 | D:6      | Found a runed translucent door.
  5953 | D:6      | Noticed Crazy Yiuf
  5971 | D:6      | Reached ** piety under Okawaru
  6491 | D:7      | Reached XP level 9. HP: 42/75 MP: 7/10
  6562 | D:7      | Found a sand-covered staircase.
  6570 | Ossuary  | Entered an ossuary
  7015 | D:7      | Noticed Dowan
  7015 | D:7      | Noticed Duvessa
  7040 | D:7      | Killed Duvessa
  7048 | D:7      | Killed Dowan
  7049 | D:7      | Reached skill level 10 in Long Blades
  7503 | D:7      | Noticed Maggie
  7527 | D:7      | Killed Maggie
  7609 | D:7      | Found a runed translucent door.
  7609 | D:7      | Noticed BlasphemerAmon's ghost (novice GrFi)
  7626 | D:7      | Killed BlasphemerAmon's ghost
  7626 | D:7      | Reached *** piety under Okawaru
  7845 | D:6      | Noticed a two-headed ogre
  8282 | D:8      | Noticed Maurice
  8286 | D:8      | Maurice changed into Maurice the warg
  8286 | D:8      | Noticed Maurice
  8293 | D:8      | Killed Maurice the warg
  8468 | D:8      | Noticed a komodo dragon
  8477 | D:8      | Killed a komodo dragon
  8478 | D:8      | Reached skill level 5 in Shields
  8478 | D:8      | Reached XP level 10. HP: 83/83 MP: 8/11
  8707 | D:8      | Found a large runed translucent door.
  8707 | D:8      | Found a large runed translucent door.
  8719 | D:8      | Found an ornate altar of the Wu Jian Council.
  8719 | D:8      | Noticed a two-headed ogre
  9014 | D:8      | Found a broken altar of Ashenzari.
  9356 | D:9      | Found a glowing silver altar of Zin.
  9356 | D:9      | Noticed an angel
  9422 | D:9      | Noticed a manticore
  9429 | D:9      | Killed a manticore
  9602 | D:9      | Received a gift from Okawaru
  9635 | D:9      | Noticed a two-headed ogre
  9637 | D:9      | Noticed a two-headed ogre
  9644 | D:9      | Killed a two-headed ogre
  9648 | D:9      | Killed a two-headed ogre
  9648 | D:9      | Reached **** piety under Okawaru
  9724 | D:9      | Noticed a centaur warrior
  9735 | D:9      | Killed a centaur warrior
  9736 | D:9      | Reached XP level 11. HP: 39/94 MP: 10/13
 10037 | D:9      | Reached skill level 5 in Invocations
 10045 | D:9      | Noticed a death knight
 10108 | D:9      | Killed a death knight
 10207 | D:9      | Noticed a centaur warrior
 10220 | D:9      | Killed a centaur warrior
 10269 | D:9      | Noticed Erolcha
 10280 | D:9      | Killed Erolcha
 10280 | D:9      | Reached ***** piety under Okawaru
 10280 | D:9      | Received a gift from Okawaru
 10591 | D:9      | Noticed a two-headed ogre
 10604 | D:9      | Killed a two-headed ogre
 10605 | D:9      | Reached skill level 10 in Fighting
 10605 | D:9      | Noticed a centaur warrior
 10605 | D:9      | Noticed a centaur warrior
 10610 | D:9      | Killed a centaur warrior
 10625 | D:9      | Killed a centaur warrior
 10626 | D:9      | Reached skill level 10 in Shields
 10669 | D:9      | Noticed a red ugly thing
 10672 | D:9      | Noticed a brown ugly thing
 10674 | D:9      | Noticed a purple ugly thing
 10680 | D:9      | Killed a white ugly thing
 10686 | D:9      | Killed a brown ugly thing
 10686 | D:9      | Identified the +4 long sword "Hellblazer" {vamp, Fly rElec
                  | Will+} (Okawaru gifted it to you on level 9 of the Dungeon)
 10686 | D:9      | Received a gift from Okawaru
 10690 | D:9      | Killed a purple ugly thing
 11265 | D:10     | Entered Level 10 of the Dungeon
 11268 | D:10     | Found Diotynao's Armour Shop.
 11443 | D:10     | Bought a +1 pair of gloves of dexterity for 247 gold pieces
 11511 | D:10     | Found a staircase to the Orcish Mines.
 11526 | D:10     | Reached XP level 12. HP: 111/111 MP: 14/14
 11710 | D:10     | Found a shadowy altar of Dithmenos.
 11851 | D:10     | Noticed Nergalle
 11863 | D:10     | Killed Nergalle
 11964 | D:10     | Found an opulent altar of Gozag.
 12063 | D:10     | Found a sparkling altar of Nemelex Xobeh.
 12063 | D:10     | Found a transporter.
 12063 | D:10     | Noticed a deep troll earth mage
 12063 | D:10     | Noticed a centaur warrior
 12375 | D:11     | Found a frozen archway.
 12444 | IceCv    | Entered an ice cave
 12468 | IceCv    | Found a transporter.
 12480 | IceCv    | Found a transporter.
 12490 | IceCv    | Learned a level 2 spell: Blink
 12539 | D:11     | Noticed Erica
 12553 | D:11     | Killed Erica
 12569 | D:11     | Found the +7 staff of the Meek {protect, meekguard}
 12745 | D:11     | Found a staircase to the Lair.
 12750 | D:11     | Found a hide-covered altar of Uskayaw.
 13298 | Lair:1   | Entered Level 1 of the Lair of Beasts
 13512 | Lair:1   | Received a gift from Okawaru
 14417 | Lair:1   | Learned a level 3 spell: Vhi's Electric Charge
 14422 | Lair:1   | Learned a level 4 spell: Manifold Assault
 14515 | Lair:1   | Reached XP level 13. HP: 123/123 MP: 16/16
 14605 | Lair:2   | Reached skill level 5 in Armour
 14761 | Lair:2   | Found a staircase to the Shoals.
 14902 | Lair:2   | Received a gift from Okawaru
 14902 | Lair:2   | Found the +16 obsidian axe {drain, demonic, Mesm Drain Fly
                  | SInv}
 15067 | Lair:2   | Found a staircase to the Snake Pit.
 16639 | Lair:4   | Identified the +10 crystal plate armour "Cisch" {Str+4
                  | Slay+3} (Okawaru gifted it to you on level 4 of the Lair of
                  | Beasts)
 16639 | Lair:4   | Received a gift from Okawaru
 17415 | Lair:5   | Entered Level 5 of the Lair of Beasts
 17796 | Lair:5   | Reached skill level 15 in Fighting
 17808 | Lair:5   | Reached XP level 14. HP: 135/135 MP: 19/19
 17848 | Lair:5   | Found a runed translucent door.
 17856 | Lair:5   | Found a viscous altar of Jiyva.
 17857 | Lair:5   | Noticed an acid blob
 17858 | Lair:5   | Found a staircase to the Slime Pits.
 17930 | Lair:5   | Reached skill level 15 in Shields
 17984 | Lair:5   | Noticed Rupert
 18011 | Lair:5   | Killed Rupert
 18015 | Lair:5   | Received a gift from Okawaru
 18439 | Lair:5   | Reached skill level 10 in Armour
 18541 | Lair:5   | Reached ****** piety under Okawaru
 18580 | Lair:5   | Reached skill level 10 in Invocations
 18580 | Lair:5   | Received a gift from Okawaru
 18922 | Lair:5   | Received a gift from Okawaru
 19590 | D:12     | Identified the amulet of Giredgh {Faith rElec rF- Int+3}
 19780 | D:12     | Noticed Kirke
 19803 | D:12     | Killed Kirke
 20255 | D:13     | Found Rimabo's Jewellery Boutique.
 20263 | D:13     | Reached XP level 15. HP: 133/141 MP: 21/21
 20266 | D:13     | Identified the -1 hat of the Hall of Blades {rC+ Will+
                  | Stlth+} (Okawaru gifted it to you on level 13 of the
                  | Dungeon)
 20266 | D:13     | Received a gift from Okawaru
 20337 | D:13     | Found a broken altar of Ashenzari.
 20695 | D:13     | Reached skill level 15 in Armour
 20740 | D:13     | Found a gate to the Vaults.
 21681 | D:14     | Identified Roxanne's Grimoire of Modification
 21681 | D:14     | Noticed Roxanne
 21919 | D:15     | Entered Level 15 of the Dungeon
 22364 | Orc:1    | Entered Level 1 of the Orcish Mines
 22406 | Orc:1    | You fall into a shaft and drop 1 floor!
 22406 | Orc:2    | Entered Level 2 of the Orcish Mines
 22408 | Orc:2    | Found Mentuuf's Magic Scroll Boutique.
 22409 | Orc:2    | Found a staircase to the Elven Halls.
 22564 | Orc:2    | Found Nyifoish's Assorted Antiques.
 22572 | Orc:2    | Bought a glowing sapphire potion for 30 gold pieces
 23152 | Orc:2    | Found Vearolet's Magic Scroll Shop.
 23327 | Orc:2    | Found Ile Onij's Jewellery Shoppe.
 23339 | Orc:2    | Bought the amulet of Oreelo {Will+ Regen+ Str+2} for 795
                  | gold pieces
 23428 | Orc:2    | Identified the +0 chain mail "Nameskaofy" {rPois Dex+4}
                  | (Okawaru gifted it to you on level 2 of the Orcish Mines)
 23428 | Orc:2    | Received a gift from Okawaru
 23612 | Orc:2    | Found Plog's Jewellery Shoppe.
 23676 | Orc:2    | Found Dilud's Antique Weapon Shoppe.
 23678 | Orc:2    | Found Veluah's Armour Shoppe.
 23721 | Orc:2    | Found Ajosir Ugiev's Armour Boutique.
 23726 | Orc:2    | Bought a +1 kite shield of cold resistance for 247 gold
                  | pieces
 23867 | Orc:2    | Found Qoikael's Distillery.
 23875 | Orc:2    | Bought a potion of haste for 150 gold pieces
 23875 | Orc:2    | Bought a potion of lignification for 45 gold pieces
 23929 | Orc:2    | Bought a ring of protection from fire for 425 gold pieces
 24135 | Orc:2    | Bought a scroll of immolation for 56 gold pieces
 24135 | Orc:2    | Bought a scroll of teleportation for 42 gold pieces
 24135 | Orc:2    | Bought a scroll of fear for 56 gold pieces
 24135 | Orc:2    | Bought a scroll of immolation for 56 gold pieces
 24179 | Orc:2    | Bought a scroll of poison for 48 gold pieces
 24179 | Orc:2    | Bought a scroll of fog for 48 gold pieces
 24179 | Orc:2    | Bought a scroll of poison for 48 gold pieces
 24179 | Orc:2    | Bought a scroll of poison for 48 gold pieces
 24179 | Orc:2    | Bought a scroll of immolation for 48 gold pieces
 24333 | Snake:1  | Entered Level 1 of the Snake Pit
 24689 | Snake:1  | Reached XP level 16. HP: 151/151 MP: 23/23
 25992 | Snake:1  | Received a gift from Okawaru
 26205 | Snake:2  | Noticed Vashnia
 26240 | Snake:2  | Noticed jejorda2's ghost (adept MfBe)
 26245 | Snake:2  | Found a transporter.
 26270 | Snake:2  | Found a transporter.
 26383 | Snake:2  | You fall into a shaft and drop 1 floor!
 26448 | Snake:3  | Found a glowing silver altar of Zin.
 26478 | Snake:3  | Identified the ring "Xuokhluepn" {rPois Int+2}
 26928 | Snake:2  | Killed Vashnia
 27259 | Snake:3  | Identified the +0 pair of gloves of the Snake Pit {rC+ MP+9
                  | Str+4} (Okawaru gifted it to you on level 3 of the Snake
                  | Pit)
 27259 | Snake:3  | Received a gift from Okawaru
 28215 | Snake:4  | Entered Level 4 of the Snake Pit
 28358 | Snake:4  | Found Durghuf's Book Emporium.
 28382 | Snake:4  | Found Koybb's Weapon Shoppe.
 28787 | Snake:4  | Reached skill level 1 in Evocations
 28855 | Snake:4  | Reached XP level 17. HP: 157/162 MP: 25/25
 28977 | Snake:4  | Received a gift from Okawaru
 29433 | Snake:4  | Got a serpentine rune of Zot
 29667 | Shoals:1 | Entered Level 1 of the Shoals
 29679 | Shoals:1 | Noticed a kraken
 29862 | Shoals:1 | Killed a kraken
 30036 | Shoals:1 | Received a gift from Okawaru
 30662 | Shoals:2 | Noticed Donald
 30691 | Shoals:1 | Killed Donald
 31326 | Shoals:2 | Reached skill level 5 in Evocations
 31600 | Shoals:3 | Identified the +2 pair of gloves of Vexation {rC+ Str+2
                  | Dex+4} (Okawaru gifted it to you on level 3 of the Shoals)
 31600 | Shoals:3 | Received a gift from Okawaru
 31678 | Shoals:3 | Noticed Polyphemus
 31750 | Shoals:3 | Killed Polyphemus
 31751 | Shoals:3 | Reached XP level 18. HP: 131/173 MP: 27/27
 31853 | Shoals:3 | Identified the +6 quarterstaff "Nessyach" {speed, Fragile
                  | rF+ rN++ MP+9}
 31856 | Shoals:3 | Noticed Ilsuiw
 31875 | Shoals:3 | Killed Ilsuiw
 32182 | Shoals:3 | Learned a level 1 spell: Apportation
 32432 | Shoals:4 | Entered Level 4 of the Shoals
 33007 | Shoals:3 | Received a gift from Okawaru
 33571 | Shoals:4 | Got the Almanac of Unspeakable Rituals and Heat
 33574 | Shoals:4 | Got a barnacled rune of Zot
 33835 | Vaults:1 | Entered Level 1 of the Vaults
 33945 | Vaults:1 | Identified the +1 pair of boots of the Baking Gods
                  | {*Corrode Will+++ Dex+7 Stlth-} (Okawaru gifted it to you
                  | on level 1 of the Vaults)
 33945 | Vaults:1 | Received a gift from Okawaru
 34375 | Vaults:1 | Reached XP level 19. HP: 174/183 MP: 29/29
 34724 | Vaults:1 | Found Nuplos's General Store.
 34738 | Vaults:1 | Bought a scroll of blinking for 90 gold pieces
 35114 | Vaults:2 | You fall into a shaft and drop 1 floor!
 35295 | Vaults:3 | Reached skill level 15 in Invocations
 35299 | Vaults:3 | Identified the +0 ring mail "Sigiesur" {rElec rPois rN++
                  | Str-3} (Okawaru gifted it to you on level 3 of the Vaults)
 35299 | Vaults:3 | Received a gift from Okawaru
 35874 | Vaults:2 | Found Dataps's General Store.
 35874 | Vaults:2 | Identified the +5 glaive of Excruciating Pain {speed, SInv}
 35886 | Vaults:2 | Bought a potion of invisibility for 104 gold pieces
 35886 | Vaults:2 | Bought a scroll of blinking for 97 gold pieces
 35886 | Vaults:2 | Bought a scroll of blinking for 97 gold pieces
 36325 | Vaults:3 | Reached skill level 5 in Dodging
 36350 | Vaults:3 | Found Ycsyom's Assorted Antiques.
 36361 | Vaults:3 | Bought a scroll of teleportation for 99 gold pieces
 36418 | Vaults:3 | Noticed Zenata
 36747 | Snake:2  | Killed jejorda2's ghost
 36750 | Snake:2  | Identified the +1 pair of gloves "Xeheh" {rF+}
 36755 | Snake:2  | Identified the +2 leather armour of the Stallion {Drain
                  | rPois Will+ MP+9}
 37134 | Vaults:3 | Found a staircase to the Crypt.
 37452 | Vaults:3 | Received a gift from Okawaru
 37636 | Vaults:3 | Killed Zenata
 37727 | Vaults:4 | Found Yhete's Book Boutique.
 37804 | Vaults:4 | Reached XP level 20. HP: 191/193 MP: 30/30
 37840 | Vaults:4 | Reached skill level 10 in Evocations
 37960 | Vaults:4 | Noticed Saint Roka
 37966 | Vaults:4 | Killed Saint Roka
 38504 | Vaults:4 | Noticed Frederick
 38525 | Vaults:4 | Killed Frederick
 38529 | Vaults:4 | Received a gift from Okawaru
 38712 | Vaults:4 | Found Laysch's Antique Armour Emporium.
 38796 | Vaults:4 | Reached skill level 15 in Long Blades
 39411 | D:15     | Reached skill level 10 in Dodging
 39416 | D:15     | Received a gift from Okawaru
 39545 | D:15     | Found a staircase to the Depths.
 39724 | D:15     | Identified the +3 ring mail "Toucvot" {rN+ Str+3 SInv}
 40403 | Depths:1 | Entered Level 1 of the Depths
 40583 | Depths:1 | Found a gateway to Hell.
 40678 | Depths:1 | Identified the +1 robe "Fuong" {Str+2 Slay+3}
 40870 | Depths:1 | Found a one-way gateway to a ziggurat.
 40999 | Depths:1 | You fall into a shaft and drop 1 floor!
 41584 | Depths:2 | Found a basalt altar of Yredelemnul.
 41662 | Depths:2 | Received a gift from Okawaru
 41826 | Depths:2 | Noticed a juggernaut
 41832 | Depths:2 | Killed a juggernaut
 41833 | Depths:2 | Reached XP level 21. HP: 201/201 MP: 30/32
 41920 | Depths:2 | Found a one-way gate leading to the halls of Pandemonium.
 41979 | Depths:2 | Gained mutation: You are frail. (-10% HP) [a cacodemon]
 41980 | Depths:2 | Gained mutation: Potions are less effective at restoring
                  | your health. [a cacodemon]
 41983 | Depths:2 | Received a gift from Okawaru
 42001 | Depths:2 | Lost mutation: Potions are less effective at restoring your
                  | health. [potion of mutation]
 42001 | Depths:2 | Lost mutation: You are frail. (-10% HP) [potion of
                  | mutation]
 42001 | Depths:2 | Gained mutation: Your body sometimes deteriorates upon
                  | taking damage. [potion of mutation]
 42001 | Depths:2 | Gained mutation: Armour fits poorly on your strangely
                  | shaped body. [potion of mutation]
 42001 | Depths:2 | Gained mutation: You have a pair of large horns on your
                  | head. [potion of mutation]
 42002 | Depths:2 | Lost mutation: Your body sometimes deteriorates upon taking
                  | damage. [potion of mutation]
 42002 | Depths:2 | Lost mutation: Armour fits poorly on your strangely shaped
                  | body. [potion of mutation]
 42002 | Depths:2 | Gained mutation: You are somewhat resistant to further
                  | mutation. [potion of mutation]
 42511 | Depths:2 | Found Sesoyx's Magic Scroll Boutique.
 42522 | Depths:2 | Bought a scroll of acquirement for 936 gold pieces
 42522 | Depths:2 | Bought a scroll of teleportation for 54 gold pieces
 42522 | Depths:2 | Bought a scroll of immolation for 72 gold pieces
 42522 | Depths:2 | Bought a scroll of enchant armour for 135 gold pieces
 42524 | Depths:2 | Acquired the +0 cloak of the Orb Guardian {rPois Str+6}
 43046 | Depths:3 | Noticed Mennas
 43067 | Depths:3 | Killed Mennas
 43129 | Depths:3 | Identified the +3 spear of Popular Demand {speed, rElec
                  | rPois Int+4 Dex+4} (Okawaru gifted it to you on level 3 of
                  | the Depths)
 43129 | Depths:3 | Received a gift from Okawaru
 43323 | Depths:3 | Found a one-way gate to the infinite horrors of the Abyss.
 43450 | Depths:3 | Found a shadowy altar of Dithmenos.
 43684 | Depths:4 | Entered Level 4 of the Depths
 43707 | Depths:4 | Noticed a golden dragon
 43722 | Depths:4 | Killed a golden dragon
 44059 | Depths:4 | Found an iron altar of Okawaru.
 44163 | Depths:4 | Identified the +0 scale mail of the Ageless Mice {Will+}
                  | (Okawaru gifted it to you on level 4 of the Depths)
 44163 | Depths:4 | Received a gift from Okawaru
 44280 | Depths:4 | Found a gate to the Realm of Zot.
 44280 | Depths:4 | Noticed a golden dragon
 44319 | Depths:3 | Killed a golden dragon
 44320 | Depths:3 | Reached skill level 15 in Dodging
 44613 | Depths:3 | Reached XP level 22. HP: 181/209 MP: 34/34
 44852 | Depths:4 | Found a sacrificial altar of Ru.
 44983 | Depths:4 | Paralysed by a floating eye for 3 turns
 45444 | Vaults:5 | Entered Level 5 of the Vaults
 45471 | Vaults:5 | Noticed an ancient lich
 45566 | Vaults:5 | Noticed a golden dragon
 45582 | Vaults:5 | Killed a golden dragon
 45583 | Vaults:5 | Reached skill level 5 in Translocations
 45614 | Vaults:5 | Noticed a golden dragon
 45619 | Vaults:5 | Killed a golden dragon
 45651 | Vaults:5 | Received a gift from Okawaru
 45661 | Vaults:5 | Noticed a golden dragon
 45671 | Vaults:5 | Killed a golden dragon
 45778 | Vaults:5 | Identified the +0 falchion of a sewer {venom, *Rage rElec
                  | rN+}
 46098 | Vaults:5 | Noticed a golden dragon
 46111 | Vaults:5 | Killed a golden dragon
 46115 | Vaults:5 | Killed an ancient lich
 46139 | Vaults:5 | Identified the +4 battleaxe of Sehap {heavy, rF+ rN+ Int-2}
 46287 | Vaults:5 | Noticed a golden dragon
 46292 | Vaults:5 | Killed a golden dragon
 46296 | Vaults:5 | Identified the +6 scimitar of the Ring {speed, rPois Dex+3}
                  | (Okawaru gifted it to you on level 5 of the Vaults)
 46296 | Vaults:5 | Received a gift from Okawaru
 46541 | Vaults:5 | Found the +3 pair of gauntlets of War {Slay+5}
 46546 | Vaults:5 | Reached XP level 23. HP: 215/215 MP: 36/36
 46569 | Vaults:5 | Reached skill level 10 in Translocations
 46610 | Vaults:5 | Got the Almanac of the Assistive Serac
 47051 | Vaults:5 | Noticed an ancient lich
 47060 | Vaults:5 | Killed an ancient lich
 47105 | Vaults:5 | Got a silver rune of Zot
 47544 | Elf:1    | Entered Level 1 of the Elven Halls
 47584 | Elf:1    | Received a gift from Okawaru
 47683 | Elf:1    | Paralysed by an air elemental for 1 turns
 48508 | Elf:1    | Found a runed translucent gate.
 48508 | Elf:1    | Found a runed translucent gate.
 48508 | Elf:1    | Found a runed translucent gate.
 48508 | Elf:1    | Found a runed translucent gate.
 48508 | Elf:1    | Found a runed translucent gate.
 48510 | Elf:1    | Found a runed translucent gate.
 49062 | Elf:2    | Found Kilukle's Book Boutique.
 49063 | Elf:2    | Found Tayhy's Jewellery Emporium.
 49063 | Elf:2    | Found Kupseb's Jewellery Emporium.
 49071 | Elf:2    | Bought a manual of Long Blades for 1200 gold pieces
 49174 | Elf:2    | Found a runed translucent gate.
 49175 | Elf:2    | Found a runed translucent gate.
 49175 | Elf:2    | Found a runed translucent gate.
 50163 | Elf:3    | Entered Level 3 of the Elven Halls
 50218 | Elf:3    | Found a radiant altar of Vehumet.
 50230 | Elf:3    | Received a gift from Okawaru
 50231 | Elf:3    | Paralysed by an air elemental for 1 turns
 50243 | Elf:3    | Found Pususunef's Distillery.
 50251 | Elf:3    | Bought a potion of mutation for 88 gold pieces
 50251 | Elf:3    | Bought a potion of heal wounds for 55 gold pieces
 50251 | Elf:3    | Bought a potion of lignification for 33 gold pieces
 50251 | Elf:3    | Bought a potion of ambrosia for 88 gold pieces
 50622 | Elf:3    | Identified the +2 glaive of the Fray {protect, rN+ rCorr
                  | Stlth+}
 50877 | Elf:3    | Received a gift from Okawaru
 50887 | Elf:3    | Gained mutation: You are clumsy. (Dex -2) [a cacodemon]
 50895 | Elf:3    | Identified the ring "Bawybif" {EV+5 Int+2}
 51009 | Elf:3    | Found the +9 sword of Power {lifebolt}
 51014 | Elf:3    | Identified the +6 flail of the Protecting Puffin
                  | {antimagic, Str+3}
 51029 | Elf:3    | Identified the staff of earth "Pous" {rF+}
 51962 | Zot:1    | Entered Level 1 of the Realm of Zot
 52065 | Zot:1    | Noticed a curse toe
 52073 | Depths:4 | Killed a curse toe
 52095 | Depths:4 | Identified the +4 hand axe of Youthful Indiscretion {holy,
                  | SInv Stlth+} (Okawaru gifted it to you on level 4 of the
                  | Depths)
 52095 | Depths:4 | Received a gift from Okawaru
 52096 | Depths:4 | Reached XP level 24. HP: 220/224 MP: 35/36
 52369 | Zot:1    | Identified the +3 dagger "Eviscerator" {flame, Will+}
 52870 | Zot:1    | Acquired the scarf of Exclusion {+Inv, Fly rElec rC- Str+3}
 53109 | Zot:2    | Received a gift from Okawaru
 54075 | Zot:3    | Noticed a Killer Klown
 54098 | Zot:3    | Killed a Killer Klown
 54135 | Zot:3    | Found a burning altar of Makhleb.
 54157 | Zot:3    | Noticed an orb of fire
 54169 | Zot:3    | Killed an orb of fire
 54173 | Zot:3    | Noticed an orb of fire
 54184 | Zot:3    | Killed an orb of fire
 54637 | Zot:3    | Found a white marble altar of Elyvilon.
 54981 | Zot:3    | Noticed Grunn
 55000 | Zot:3    | Killed Grunn
 55012 | Arena    | Entered the Arena
 55405 | Zot:3    | Found a large runed translucent door.
 55405 | Zot:3    | Found a large runed translucent door.
 55409 | Zot:3    | Noticed Qaniympis's ghost (veteran DgEE)
 55535 | Zot:4    | Found a transporter.
 55537 | Zot:4    | Found a transporter.
 55717 | Zot:4    | Found a transporter.
 55718 | Zot:4    | Found a transporter.
 55831 | Zot:4    | Found a transporter.
 55834 | Zot:4    | Found a transporter.
 56377 | Zot:4    | Reached XP level 25. HP: 231/231 MP: 36/36
 56654 | Zot:5    | Entered Level 5 of the Realm of Zot
 56719 | Zot:5    | Found a transporter.
 56723 | Zot:5    | Noticed freelancePsychic's ghost (veteran DgFE)
 56723 | Zot:5    | Noticed a Killer Klown
 56724 | Zot:5    | Found a transporter.
 57517 | Vaults:1 | Bought a scroll of enchant weapon for 90 gold pieces
 57813 | Temple   | Fell from the grace of Okawaru
 57813 | Temple   | Became a worshipper of the Shining One
 58204 | Crypt:1  | Entered Level 1 of the Crypt
 58239 | Crypt:1  | You are sucked into a shaft and drop 1 floor!
 58310 | Crypt:2  | Reached * piety under the Shining One
 58417 | Crypt:1  | Reached ** piety under the Shining One
 58557 | Crypt:1  | Identified the ring of Ruovain {rCorr EV+5 Str+4 Dex-2}
 58691 | Crypt:1  | Reached *** piety under the Shining One
 58932 | Crypt:1  | Reached **** piety under the Shining One
 59461 | Crypt:2  | Reached ***** piety under the Shining One
 59480 | Crypt:2  | Reached skill level 15 in Translocations
 59570 | Crypt:2  | Found a large runed translucent door.
 59570 | Crypt:2  | Found a large runed translucent door.
 59572 | Crypt:2  | Noticed Boris
 59589 | Crypt:2  | Killed Boris
 59603 | Crypt:2  | Noticed Omiorith's ghost (adept GrFi)
 59642 | Crypt:2  | Killed Omiorith's ghost
 60025 | Crypt:3  | Entered Level 3 of the Crypt
 60170 | Crypt:3  | Reached ****** piety under the Shining One
 60219 | Crypt:3  | Found a staircase to the Tomb.
 60694 | Crypt:3  | Reached skill level 1 in Air Magic
 60732 | Crypt:3  | Acquired the +4 tower shield "Eclaj" {rC+++ rN+}
 60924 | Crypt:3  | Identified a +9 eudemon blade of holy wrath (a +9 heavy
                  | demon blade blessed by the Shining One)
 60924 | Crypt:3  | Received a gift from the Shining One
 60982 | Crypt:3  | Noticed a dread lich
 60982 | Crypt:3  | Noticed Vv
 61011 | Crypt:3  | Killed Vv
 61017 | Crypt:3  | Killed a dread lich
 61038 | Crypt:3  | Identified the +3 scimitar "Ryimp" {flame, Contam Fly MP+9}
 61064 | Crypt:3  | Identified the +4 scale mail of the Blessed Realm {rPois
                  | rF+ Str-3 Dex+4}
 61185 | Crypt:3  | Reached skill level 5 in Air Magic
 62916 | D:6      | Killed mandoloar's ghost
 62920 | D:6      | Killed lunkers's ghost
 62923 | D:6      | Killed Sobieck's ghost
 62936 | D:6      | Identified the +2 leather armour of the Sea {Rampage Fly
                  | rF-}
 63003 | D:6      | Killed Crazy Yiuf
 63263 | Pan      | Entered Pandemonium
 63347 | Pan      | Gained mutation: You occasionally lose the ability to read
                  | scrolls when taking damage. [a cacodemon]
 63361 | Pan      | Lost mutation: You are clumsy. (Dex -2) [potion of
                  | mutation]
 63361 | Pan      | Lost mutation: You are somewhat resistant to further
                  | mutation. [potion of mutation]
 63361 | Pan      | Gained mutation: You are somewhat resistant to further
                  | mutation. [potion of mutation]
 63362 | Pan      | Lost mutation: You have a pair of large horns on your head.
                  | [potion of mutation]
 63362 | Pan      | Lost mutation: You occasionally lose the ability to read
                  | scrolls when taking damage. [potion of mutation]
 63362 | Pan      | Gained mutation: You have supernaturally acute eyesight.
                  | (SInv) [potion of mutation]
 63439 | Pan      | Reached XP level 26. HP: 239/239 MP: 36/36
 63467 | Pan      | Entered the realm of Gloorx Vloq.
 63719 | Pan      | Identified the +0 robe of the Orcish Mines {rC- rN+++}
 63883 | Pan      | Noticed Gloorx Vloq
 64151 | Pan      | Killed Gloorx Vloq
 64189 | Pan      | Got a dark rune of Zot
 64721 | Pan      | Noticed Quhach the pandemonium lord
 64730 | Pan      | Killed Quhach the pandemonium lord
 64934 | Pan      | Gained mutation: Your body sometimes deteriorates upon
                  | taking damage. [a cacodemon]
 65066 | Pan      | Entered the realm of Lom Lobon.
 65066 | Pan      | Noticed Lom Lobon
 65068 | Pan      | Got a magical rune of Zot
 65094 | Pan      | Killed Lom Lobon
 65200 | Pan      | Identified the +7 scimitar of Absolution {spect, rN+ Int+3}
 65207 | Pan      | Reached skill level 10 in Air Magic
 65393 | Pan      | Identified the +6 tower shield of Untruth {rF+ rN+}
 65471 | Pan      | Noticed Ecor the pandemonium lord
 65500 | Pan      | Killed Ecor the pandemonium lord
 66369 | Pan      | Identified the ring "Vecib" {rN+ Dex+2}
 66374 | Pan      | Got a demonic rune of Zot
 66382 | Pan      | Was forgiven by Okawaru
 66616 | Pan      | Entered the realm of Cerebov.
 66757 | Pan      | Identified the +6 scale mail of Sif Muna's Delight {rN+
                  | Int+4}
 66865 | Pan      | Reached XP level 27. HP: 239/246 MP: 36/36
 66955 | Pan      | Identified the ring of Cutzem {Will+ Dex+2 Slay+3}
 66962 | Pan      | Got The Foundations of Spellwork
 66997 | Pan      | Identified the +10 scimitar "Nof Not" {heavy, rElec Dex-3
                  | SInv Stlth-}
 66998 | Pan      | Identified the staff of conjuration "Qireabich" {rElec
                  | Will- Int+5}
 67000 | Pan      | Got the Guide on White Vicissitude
 67034 | Pan      | Found the +6 sword of Cerebov {flame}
 67034 | Pan      | Noticed Cerebov
 67521 | Pan      | Killed Cerebov
 67534 | Pan      | Got a fiery rune of Zot
 67543 | Pan      | Identified the staff of poison "Rizifib" {rPois MP+9 Int+2
                  | Dex-2}
 67567 | Pan      | Identified the +9 sling of Nufahejoc {drain, rC- Str+7
                  | Int+3}
 67568 | Pan      | Identified the staff of death "Daen" {rElec rN+ Dex+5}
 67911 | Pan      | Noticed Fayrho the pandemonium lord
 67936 | Pan      | Killed Fayrho the pandemonium lord
 68326 | Pan      | Found a glowing silver altar of Zin.
 68350 | Pan      | Identified the +7 tower shield of the Lizard {rCorr}
 68891 | Pan      | Found a white marble altar of Elyvilon.
 69033 | Pan      | Entered the realm of Mnoleg.
 69033 | Pan      | Noticed Mnoleg
 69036 | Pan      | Got a glowing rune of Zot
 69194 | Pan      | Found an exit through the horrors of the Abyss.
 69249 | Pan      | Took an exit into the Abyss.
 69249 | Abyss:1  | Escaped into the Abyss
 69265 | Abyss:1  | Found a corrupted altar of Lugonu.
 69270 | Abyss:1  | Found a corrupted altar of Lugonu.
 69273 | Abyss:1  | Found a corrupted altar of Lugonu.
 69361 | Abyss:2  | Found a corrupted altar of Lugonu.
 69400 | Abyss:2  | Found a corrupted altar of Lugonu.
 69643 | Abyss:2  | Found a corrupted altar of Lugonu.
 69646 | Abyss:2  | Found a corrupted altar of Lugonu.
 69646 | Abyss:2  | Found a corrupted altar of Lugonu.
 69735 | Abyss:2  | Found a corrupted altar of Lugonu.
 69905 | Abyss:3  | Found a corrupted altar of Lugonu.
 69974 | Abyss:3  | Got an abyssal rune of Zot
 69994 | Abyss:3  | Paralysed by accursed screaming for 2 turns
 70062 | Depths:2 | Escaped the Abyss
 70336 | Hell     | Entered the Vestibule of Hell
 70336 | Hell     | Noticed Geryon
 70350 | Hell     | Killed Geryon
 70468 | Hell     | Found a gateway to the freezing wastes of Cocytus.
 70677 | Hell     | Found a gateway to the decaying netherworld of Tartarus.
 70830 | Hell     | Found a gateway to the ashen valley of Gehenna.
 70956 | Hell     | Found a gateway to the Iron City of Dis.
 71450 | Tomb:1   | Entered Level 1 of the Tomb of the Ancients
 71750 | Tomb:1   | Found the +4 Cigotuvi's embrace {Corpsefed rMiasma Drain
                  | rN+}
 71872 | Tomb:1   | Noticed a royal mummy
 71886 | Tomb:1   | Killed a royal mummy
 71886 | Tomb:1   | Noticed a royal mummy
 71890 | Tomb:1   | Killed a royal mummy
 72032 | Tomb:1   | Identified the +0 ring mail "Huj Ycid" {+Blink}
 72144 | Tomb:1   | Noticed a royal mummy
 72182 | Tomb:1   | Killed a royal mummy
 72528 | Tomb:2   | Noticed a royal mummy
 72528 | Tomb:2   | Noticed a royal mummy
 72528 | Tomb:2   | Noticed a royal mummy
 72529 | Tomb:2   | Noticed a royal mummy
 72534 | Tomb:2   | Killed a royal mummy
 72535 | Tomb:2   | Killed a royal mummy
 72535 | Tomb:2   | Killed a royal mummy
 72538 | Tomb:2   | Killed a royal mummy
 72994 | Tomb:2   | Acquired a manual of Evocations
 72996 | Tomb:2   | Acquired the +9 scales of the Dragon King {rPois rF+ rC+
                  | Will+}
 72996 | Tomb:2   | Found the +9 scales of the Dragon King {rPois rF+ rC+
                  | Will+}
 72998 | Tomb:2   | Acquired a manual of Translocations
 73092 | Tomb:3   | Entered Level 3 of the Tomb of the Ancients
 73098 | Tomb:3   | Noticed a royal mummy
 73101 | Tomb:3   | Noticed a royal mummy
 73106 | Tomb:3   | Killed a royal mummy
 73106 | Tomb:3   | Noticed a royal mummy
 73107 | Tomb:3   | Killed a royal mummy
 73107 | Tomb:3   | Noticed a royal mummy
 73111 | Tomb:3   | Killed a royal mummy
 73113 | Tomb:3   | Killed a royal mummy
 73120 | Tomb:3   | Found the +6 arbalest "Damnation" {damnation}
 73287 | Tomb:3   | Noticed a royal mummy
 73292 | Tomb:3   | Killed a royal mummy
 73292 | Tomb:3   | Noticed a royal mummy
 73293 | Tomb:3   | Noticed a royal mummy
 73297 | Tomb:3   | Killed a royal mummy
 73299 | Tomb:3   | Killed a royal mummy
 73305 | Tomb:3   | Noticed a royal mummy
 73309 | Tomb:3   | Found the +8 trishula "Condemnation" {holy, anguish, *Noise
                  | Fly rN+}
 73320 | Tomb:3   | Killed a royal mummy
 73325 | Tomb:3   | Noticed a royal mummy
 73332 | Tomb:3   | Killed a royal mummy
 73462 | Tomb:3   | Identified the +10 lajatang of Wathiryra {freeze, rF+}
 73465 | Tomb:3   | Identified the +1 morningstar "Unaf" {chaos, rC+ rN+}
 73467 | Tomb:3   | Got the Tome of the Volcano and Orogeny
 73493 | Tomb:3   | Identified the +7 falchion of Sobias {heavy, +Blink rF+ rN+
                  | Dex+3}
 73495 | Tomb:3   | Identified the ring of the Mackerel {rCorr SInv}
 73503 | Tomb:3   | Got Asog's Volume of Accelerants and Bruises
 73538 | Tomb:3   | Identified the orb "Jicsema" {light, Contam Int+4 Dex-4
                  | Slay+6}
 73771 | Tomb:3   | Identified the +4 helmet of Disguise {rPois Will- Int+2}
 73813 | Tomb:3   | Got a golden rune of Zot
 74453 | Coc:1    | Entered Level 1 of Cocytus
 74510 | Coc:2    | Learned a level 6 spell: Dispersal
 75107 | Coc:6    | Paralysed by a wendigo for 1 turns
 75222 | Coc:7    | Entered Level 7 of Cocytus
 75241 | Coc:7    | Paralysed by a wendigo for 1 turns
 75244 | Coc:7    | Paralysed by a wendigo for 1 turns
 75673 | Coc:7    | Noticed Antaeus
 75718 | Coc:7    | Killed Antaeus
 75846 | Coc:7    | Paralysed by a wendigo for 1 turns
 75873 | Coc:7    | Got an icy rune of Zot
 75988 | Geh:1    | Entered Level 1 of Gehenna
 76743 | Geh:7    | Entered Level 7 of Gehenna
 76876 | Geh:7    | Identified the +4 plate armour of Atheism {Will++ Int-4}
 76901 | Geh:7    | Noticed the Serpent of Hell
 76919 | Geh:7    | Killed the Serpent of Hell
 77129 | Geh:7    | Found the +13 sceptre of Asmodeus
 77129 | Geh:7    | Noticed Asmodeus
 77170 | Geh:7    | Killed Asmodeus
 77180 | Geh:7    | Got an obsidian rune of Zot
 77684 | Slime:1  | Entered Level 1 of the Pits of Slime
 77801 | Slime:3  | Gained mutation: You are frail. (-10% HP) [a shining eye]
 77873 | Slime:5  | Entered Level 5 of the Pits of Slime
 78070 | Slime:5  | Noticed the Royal Jelly
 78072 | Slime:5  | Found a viscous altar of Jiyva.
 78093 | Slime:5  | Found the +7 lajatang of Order {silver, rMut}
 78094 | Slime:5  | Killed the Royal Jelly
 78283 | Slime:5  | Gained mutation: You have a somewhat thin skeletal
                  | structure. (Dex +2, Stealth+) [a shining eye]
 78377 | Slime:5  | Got a slimy rune of Zot
 78422 | Slime:5  | Identified the staff of death "Icriwave" {rElec rC+ rN+
                  | Str-5}
 78446 | Slime:5  | Identified the +8 hand axe "Suror" {elec, Will+ Int+4}
 78526 | Lair:5   | Lost mutation: You are somewhat resistant to further
                  | mutation. [potion of mutation]
 78526 | Lair:5   | Lost mutation: You have supernaturally acute eyesight.
                  | (SInv) [potion of mutation]
 78526 | Lair:5   | Lost mutation: You are frail. (-10% HP) [potion of
                  | mutation]
 78526 | Lair:5   | Gained mutation: Your spells are a little easier to cast,
                  | but a little less powerful. [potion of mutation]
 78526 | Lair:5   | Gained mutation: You are partially covered in iridescent
                  | scales. (AC +2) [potion of mutation]
 78526 | Lair:5   | Gained mutation: You expend magic power (3 MP) to
                  | strengthen your wands. [potion of mutation]
 78867 | Tar:1    | Entered Level 1 of Tartarus
 79590 | Tar:7    | Entered Level 7 of Tartarus
 80021 | Tar:7    | Noticed a dread lich
 80023 | Tar:7    | Identified the +0 tower shield "Ulyh Sast" {*Slow Int+5}
 80028 | Tar:7    | Killed a dread lich
 80607 | Tar:7    | Noticed Ereshkigal
 80618 | Tar:7    | Noticed a dread lich
 80792 | Tar:7    | Noticed a dread lich
 80805 | Tar:7    | Killed a dread lich
 80886 | Tar:7    | Killed Ereshkigal
 80906 | Tar:7    | Got a bone rune of Zot
 81045 | Dis:1    | Entered Level 1 of the Iron City of Dis
 81507 | Dis:7    | Entered Level 7 of the Iron City of Dis
 81979 | Dis:7    | Noticed Dispater
 82001 | Dis:7    | Identified the staff of conjuration "Sufi" {Drain rElec
                  | rPois rF+}
 82008 | Dis:7    | Got an iron rune of Zot
 82303 | Zot:5    | Noticed an ancient lich
 82309 | Zot:5    | Noticed an orb of fire
 82311 | Zot:5    | Noticed a dread lich
 82312 | Zot:5    | Killed an ancient lich
 82316 | Zot:5    | Gained mutation: You have hidden genetic potential. [an orb
                  | of fire]
 82318 | Zot:5    | Killed an orb of fire
 82322 | Zot:5    | Killed a dread lich
 82340 | Zot:5    | Noticed an ancient lich
 82344 | Zot:5    | Killed an ancient lich
 82566 | Zot:5    | Got the Orb of Zot
 82611 | Zot:5    | Noticed Ifegam the pandemonium lord
 82851 | D:11     | Noticed Teuwaewk the pandemonium lord
 82988 | D:3      | Noticed Meomm the pandemonium lord
 83001 | D:2      | Killed Meomm the pandemonium lord
 83024 | D:$      | Escaped with the Orb!

Illustrated notes

Levels and vault maps discovered:
D:1:      nzn_arrival_crosshair, layout_basic, basic_ecumenical_altar
D:2:      layout_rooms, dreamdust_princess_bridge, columned_hall_lemuel,
          kennysheep_pointless_box, serial_bayou_pond_d,
          kennysheep_decorative_pillar, grunt_ministairs_4
D:3:      layout_loops_ring, eino_tiny_chamber
D:4:      layout_cave_pods, nicolae_overflow_hidden_temple,
          minmay_temple_entry_offerings
D:5:      layout_cave_pools, kennysheep_generic_room_12
D:6:      minmay_opposing_rooms, layout_rooms, serial_demonic, serial_demonic_f,
          serial_demonic_e, serial_demonic_e, serial_demonic_b,
          gammafunk_ghost_cemetery, nicolae_half_adder, uniq_crazy_yiuf_cottage
D:7:      layout_loops_ring, gammafunk_ghost_grave, enter_ossuary_4,
          kennysheep_generic_room_8, uniq_duvessa, uniq_maggie
D:8:      layout_gridville, jmf_multi_god_temple2, uniq_maurice
D:9:      hangedman_cross_veins, layout_long_grid, zin_angel,
          minmay_shattered_shrine, uniq_erolcha
D:10:     layout_small_grid, grunt_nemelex_the_gamble,
          mainiacjoe_overflow_surrounded_room, mainiacjoe_overflow_tiny_flanked,
          david_orc_2, serial_shops, nicolae_shop_scrapyard, uniq_nergalle
D:11:     layout_irregular_city, lair_entry_dummy,
          portal_ice_cave_entry_ice_simulacra, nicolae_uskayaw_dance_hall,
          uniq_erica
D:12:     layout_basic, uniq_kirke
D:13:     layout_basic, grunt_vaults_entry_tiered, serial_shops, shop,
          ashenzari_conservatory_becter
D:14:     layout_basic, minmay_misc_feat_columns, uniq_roxanne
D:15:     gammafunk_enter_depths_forms, layout_basic
Temple:   nicolae_temple_superstar
Lair:1:   layout_cave_pods
Lair:2:   layout_misc_corridors, minmay_shoals_entry_hut,
          minmay_snake_entry_six_corridors, serial_bayou_shore_a,
          lemuel_fruit_fields
Lair:3:   layout_regular_city
Lair:4:   layout_cave_shapes, grunt_megastairs_3
Lair:5:   guppyfry_lair_end_dragon, layout_gridlike, hangedman_lair_in_review,
          slime_entry_2, eino_house_with_fridge, infiniplex_staircase_pool,
          uniq_rupert
Shoals:1: layout_shoals, nicolae_shoals_siren_and_animal_friends
Shoals:2: cheibrodos_shoals_roost, layout_shoals, uniq_donald
Shoals:3: layout_shoals, uniq_polyphemus, uniq_ilsuiw
Shoals:4: shoals_end_hellmonk_lost_city
Snake:1:  layout_layer_cave, nrook_guardian_serpent_double
Snake:2:  layout_rooms, gammafunk_ghost_berserking_beasts, uniq_vashnia
Snake:3:  layout_chambers, basic_altar
Snake:4:  johnstein_snake_rune_scales, layout_misc_corridors, drop_trap,
          nicolae_snake_single_loop, minmay_shoptagon
Slime:1:  cheibrodos_slime_lost_civilization_2, layout_caves,
          cheibrodos_slime_lost_civilization_4
Slime:2:  layout_caves
Slime:3:  layout_caves
Slime:4:  layout_caves
Slime:5
Orc:1:    layout_caves, basic_altar, nicolae_orc_crystal_geode
Orc:2:    hellmonk_orc_salted, layout_caves, serial_shops,
          nicolae_shop_statue_plus, nicolae_shop_tiny_statue_garden, shop, shop,
          shop_coins
Elf:1:    layout_geoelf_diagonals, orc_legates
Elf:2:    nicolae_elf_blades_crystal_corner, layout_gridlike, minmay_shop_grove
Elf:3:    minmay_elf_hall, layout_loops_cross, basic_altar, serial_shops,
          nicolae_shop_statue_plus, nicolae_elf_deep_mausoleum
Vaults:1: v_rooms_2, nicolae_vaults_diamond_1, nicolae_vaults_apartment_1,
          grunt_vaults_focal, v_misc_17, vaults_standard_mumra_lines,
          nicolae_vaults_storage_room_water, nicolae_vaults_six-pack,
          nicolae_vaults_network_quinsquares
          [nicolae_vaults_network_quincunx_subvault,
          nicolae_vaults_network_quincunx_subvault,
          nicolae_vaults_network_quincunx_subvault,
          nicolae_vaults_network_quincunx_subvault],
          hangedman_vaults_stretched_pinwheel,
          nicolae_vaults_variable_pillar_hall, hangedman_vaults_capsules,
          nicolae_vaults_diamond_2, layout_vaults_maze_bifur, serial_shops, shop
Vaults:2: nicolae_vaults_prndl, v_misc_17, nicolae_vaults_little_squares_6,
          v_misc_26, nicolae_vaults_circle_grid_a, vaults_dpeg_emergency_exit,
          layout_vaults_quadrants, serial_shops, shop
Vaults:3: nicolae_vaults_wine_cellar, nicolae_vaults_trapezoid_lopsided_4,
          minmay_crypt_entry_simple_statues, nicolae_vaults_cochlea, v_misc_13,
          v_rooms_4, nicolae_vaults_trapezoid_2, nicolae_vaults_lightning_bolt,
          nicolae_vaults_octothorpe, hangedman_vaults_variations,
          nicolae_vaults_storage_room_statues, special_room_vaults
          [special_room_orc], nicolae_vaults_asterisk, layout_vaults_ring,
          serial_shops, shop, uniq_zenata
Vaults:4: v_misc_10, nicolae_vaults_tangram_1, v_misc_22, v_misc_22,
          nicolae_vaults_closet_pinwheel_3, v_misc_10,
          nicolae_vaults_closet_pinwheel_5, v_misc_12, ontoclasm_vaults_bender,
          vaults_room_mumra_shop_pool, ontoclasm_vaults_misaligned,
          vaults_room_grunt_arrival_checkpoint, nicolae_vaults_theta,
          nicolae_vaults_double_plus_1, layout_vaults_big_cross, serial_shops,
          shop, uniq_saint_roka, uniq_frederick
Vaults:5
Crypt:1:  statuecave_lemuel, layout_gridlike, nicolae_crypt_twisting_catacombs
Crypt:2:  layout_regular_city, ebering_ghost_disaster_area, grunt_megastairs_5,
          uniq_boris
Crypt:3:  due_elkab, layout_chaotic_city, tomb_entry_shell_bobbens, uniq_vv
Tomb:1
Tomb:2
Tomb:3
Depths:1: layout_roguey, enter_ziggurat_e, serial_co_window_serial,
          co_window_corner_a, co_window_cross_1, co_window_corner_a,
          co_window_paths_b, co_window_paths_b, co_window_paths_a,
          co_window_broadway_a, co_window_broadway_a, co_window_corner_b,
          co_window_broadway_b, co_window_broadway_c, co_window_unsneaky_path_b,
          co_window_unsneaky_path_a, co_window_paths_e, glass_columns_a,
          hell_entry
Depths:2: minmay_bloctagon_deflated, layout_small_grid, serial_shops,
          nicolae_shop_pleasant_corner_grove, pan_entry,
          grunt_hell_entry_demonic_statue, yredelemnul_altar_generic,
          grunt_ministairs_9, infiniplex_staircase_hallway_doors
Depths:3: hellmonk_ruined_rings, layout_cave_pools, hangedman_abyss_entry_splay,
          nicolae_dithmenos_through_a_glass_darkly, rand_demon_pan_entry_5,
          hell_entry, uniq_mennas
Depths:4: grunt_x_marks_the_spot, layout_basic, hell_entry,
          nicolae_ru_path_of_blood, okawaru_altar_gauntlet_db
Hell
Dis:1:    layout_regular_city
Dis:2:    layout_jigsaw, lemuel_mystery_crypt
Dis:3:    layout_subdivisions
Dis:4:    layout_gridville
Dis:5:    layout_overlapping_boxes
Dis:6:    layout_subdivisions
Dis:7:    iron_city_of_dis [dis_mu, dis_wall_1], layout_gridville
Geh:1:    layout_gehenna_pools_box
Geh:2:    layout_gehenna_lava_caves, nicolae_geh_single_fiery_grave,
          nicolae_geh_fourpack
Geh:3:    layout_gehenna_pools_basic
Geh:4:    layout_gehenna_pools_basic
Geh:5:    layout_gehenna_lava_caves
Geh:6:    layout_gehenna_lava_caves
Geh:7:    geh_grunt
Coc:1:    layout_cocytus_water_paths
Coc:2:    layout_ice_bergs
Coc:3:    layout_cocytus_water_paths
Coc:4:    layout_cocytus_delve
Coc:5:    layout_cocytus_water_paths
Coc:6:    layout_ice_bergs
Coc:7:    coc_dpeg
Tar:1:    layout_catacombs
Tar:2:    layout_grid_maze
Tar:3:    layout_cathedral_of_symmetry, lemuel_nasty_fountain
Tar:4:    layout_cathedral_of_symmetry
Tar:5:    nicolae_tar_funeral_procession, layout_cathedral_of_symmetry
Tar:6:    layout_honeycomb
Tar:7:    tar_grunt, tar_grunt_ereshkigal, tar_grunt_big_loot,
          tar_grunt_small_loot, tar_grunt_small_loot, tar_grunt_small_loot,
          tar_grunt_small_decor_pillar, tar_grunt_decor_octagon_7,
          tar_grunt_decor_octagon_7, nicolae_tar_cuneiform_city,
          tar_grunt_small_decor_pillar, tar_grunt_decor_4,
          tar_grunt_small_decor_pillar, tar_grunt_decor_1,
          tar_grunt_decor_cross_ortho, tar_grunt_decor_8,
          tar_grunt_small_decor_pillar, tar_grunt_decor_octagon_7,
          tar_grunt_small_decor_pillar, tar_grunt_decor_1,
          tar_grunt_small_decor_pillar
Zot:1:    layout_onion_interference
Zot:2:    layout_cathedral_of_symmetry
Zot:3:    layout_misc_corridors, ebering_ghost_disaster_area,
          hangedman_feature_mirror, st_small_dragon_hoard_4, zot_minivault_3,
          uniq_grunn
Zot:4:    layout_concentric_octagons, serial_nicolae_subway,
          nicolae_sub_station_stone, nicolae_sub_station_metal,
          nicolae_sub_station_crystal
Zot:5:    layout_misc_corridors, gammafunk_ghost_arena

Skill      XL: |  1  2  3  4  5  6  7  8  9 10 11 12 13 14 15 16 17 18 19 20 21 22 23 24 25 26 27 |
---------------+----------------------------------------------------------------------------------+-----
Axes           | 3 4 5 6 7 |  7.9
Fighting       | 3 4 5 6 8 11 13 15 16 17 18 19 20 26 | 26.0
Shields        | 1 2 3 4 5 7 11 13 14 15 16 17 18 19 20 23 25 26 | 26.0
Invocations    | 1 2 4 5 6 8 10 11 12 13 14 15 16 19 20 26 | 26.0
Long Blades    | 2 8 13 14 16 19 20 26 | 26.5
Armour         | 4 7 13 16 17 18 19 20 24 26 | 26.0
Translocations | 3 9 12 14 15 20 | 20.0
Evocations     | 1 5 7 9 10 | 10.0
Dodging        | 8 11 15 17 18 24 | 24.4
Air Magic      | 7 10 | 10.0
Throwing       | |  1.0
Spellcasting   | |  1.3

Action                     |  1- 3 |  4- 6 |  7- 9 | 10-12 | 13-15 | 16-18 | 19-21 | 22-24 | 25-27 || total
---------------------------+-------+-------+-------+-------+-------+-------+-------+-------+-------++-------
  Melee: Hand axe          |    94 |   153 |    69 |       |       |       |       |       |       ||   316
         Headbutt          |    12 |    38 |    79 |   157 |   325 |   329 |   401 |   414 |  1709 ||  3464
         Demon blade       |       |       |   326 |   591 |  1225 |  1241 |  1313 |  1324 |    40 ||  6060
         Scimitar          |       |       |       |       |     9 |       |       |       |       ||     9
         Double sword      |       |       |       |       |       |       |       |       |   694 ||   694
         Eudemon blade     |       |       |       |       |       |       |       |       |  3842 ||  3842
  Throw: Boomerang         |       |       |    12 |       |       |       |       |       |       ||    12
         Dart              |       |       |       |     1 |     3 |       |       |       |     3 ||     7
         Throwing net      |       |       |       |       |       |       |       |       |     1 ||     1
   Cast: Apportation       |       |       |       |       |       |       |    19 |       |     6 ||    25
         Manifold Assault  |       |       |       |       |       |       |       |     8 |   166 ||   174
         Vhi's Electric Ch |       |       |       |       |       |       |       |       |   158 ||   158
         Blink             |       |       |       |       |       |       |       |       |     7 ||     7
         Dispersal         |       |       |       |       |       |       |       |       |     1 ||     1
 Invoke: Heroism           |       |       |     7 |    12 |     6 |    13 |    10 |    13 |       ||    61
         Finesse           |       |       |       |     3 |     2 |     2 |     7 |     8 |       ||    22
         Duel              |       |       |       |       |       |       |       |     1 |       ||     1
         Divine Shield     |       |       |       |       |       |       |       |       |    76 ||    76
         Cleansing Flame   |       |       |       |       |       |       |       |       |   156 ||   156
         Brand Weapon With |       |       |       |       |       |       |       |       |     1 ||     1
         Summon Divine War |       |       |       |       |       |       |       |       |    34 ||    34
  Evoke: Wand              |       |    11 |    10 |     7 |     6 |     2 |       |       |    20 ||    56
         Lightning rod     |       |       |       |       |       |     7 |     2 |     4 |       ||    13
         Phial of floods   |       |       |       |       |       |       |     2 |       |       ||     2
         Phantom mirror    |       |       |       |       |       |       |       |       |     2 ||     2
    Use: Scroll            |       |       |    16 |     7 |    15 |     8 |     1 |    16 |    39 ||   102
         Potion            |       |       |       |     3 |     1 |     3 |     2 |     3 |    33 ||    45
   Stab: Paralysed         |       |       |       |     2 |       |       |       |       |       ||     2
 Armour: Leather armour    |    17 |     4 |       |       |       |       |       |       |       ||    21
         Chain mail        |       |    54 |   112 |       |       |       |       |       |       ||   166
         Swamp dragon scal |       |       |     5 |    76 |    40 |       |       |       |       ||   121
         Crystal plate arm |       |       |       |       |   334 |   829 |   413 |   117 |       ||  1693
         Gold dragon scale |       |       |       |       |       |       |       |   279 |   712 ||   991
         Skin              |       |       |       |       |       |       |       |       |    70 ||    70
  Dodge: Dodged            |    65 |    30 |    72 |   101 |   128 |   233 |   347 |   592 |  1100 ||  2668
  Block: Buckler           |    14 |    68 |   103 |       |       |       |       |       |       ||   185
         Kite shield       |       |       |    99 |   367 |   796 |       |       |       |       ||  1262
         Reflection        |       |       |       |    20 |    11 |       |       |       |       ||    31
         Tower shield      |       |       |       |       |    14 |  1735 |  1476 |  1590 |  5332 || 10147

Table legend: (Time is in decaauts)
 A = Elapsed time spent in this place.
 B = Non-inter-level travel time spent in this place.
 C = Inter-level travel time spent in this place.
 D = Time resting spent in this place.
 E = Time spent auto-exploring this place.
 F = Levels seen in this place.
 G = Mean time per level.
                   A        B        C        D        E       F      G
               +--------+--------+--------+--------+--------+-----+--------+
         Total |  81338 |  69978 |  11360 |   7782 |  36939 | 110 |  739.4 |
       Dungeon |  19239 |  15052 |   4187 |   1746 |   9109 |  15 | 1282.6 |
        Temple |    136 |    110 |     26 |      0 |      7 |   1 |  136.0 |
          Lair |   7598 |   6114 |   1484 |    528 |   3969 |   5 | 1519.6 |
        Shoals |   4240 |   3904 |    336 |    593 |   1731 |   4 | 1060.0 |
     Snake Pit |   5777 |   5287 |    490 |    320 |   3516 |   4 | 1444.2 |
    Slime Pits |    753 |    716 |     37 |    256 |      9 |   5 |  150.6 |
  Orcish Mines |   2139 |   1662 |    477 |    239 |    892 |   2 | 1069.5 |
   Elven Halls |   3377 |   2954 |    423 |     63 |   1756 |   3 | 1125.7 |
        Vaults |   8031 |   6124 |   1907 |    133 |   3465 |   5 | 1606.2 |
         Crypt |   3364 |   3108 |    256 |     53 |   1815 |   3 | 1121.3 |
          Tomb |   2662 |   2481 |    181 |    506 |    938 |   3 |  887.3 |
        Depths |   5845 |   4976 |    869 |    627 |   2938 |   4 | 1461.2 |
          Hell |    956 |    817 |    139 |     18 |    479 |   1 |  956.0 |
           Dis |    789 |    789 |      0 |    215 |      0 |   7 |  112.7 |
       Gehenna |   1196 |   1073 |    123 |    173 |    357 |   7 |  170.9 |
       Cocytus |   1340 |   1340 |      0 |    180 |    371 |   7 |  191.4 |
      Tartarus |   2013 |   1907 |    106 |    366 |    983 |   7 |  287.6 |
           Zot |   5197 |   4882 |    315 |    445 |   3135 |   5 | 1039.4 |
         Abyss |    732 |    732 |      0 |      3 |    102 |   3 |  244.0 |
   Pandemonium |   5530 |   5530 |      0 |   1273 |   1256 |  16 |  345.6 |
       Ossuary |    346 |    346 |      0 |     28 |    108 |   1 |  346.0 |
      Ice Cave |     47 |     47 |      0 |      0 |      0 |   1 |   47.0 |
         Arena |     21 |     21 |      0 |     15 |      0 |   1 |   21.0 |
               +--------+--------+--------+--------+--------+-----+--------+

Top non-repeatable levels by time:
  Lair:5: 2218 daAuts
     D:9: 2169 daAuts
Vaults:1: 2050 daAuts
 Snake:1: 1940 daAuts
     D:4: 1827 daAuts
Depths:4: 1814 daAuts
Vaults:5: 1779 daAuts
   Orc:2: 1693 daAuts
Depths:2: 1661 daAuts
    D:14: 1633 daAuts
  Lair:1: 1620 daAuts
Depths:1: 1519 daAuts
 Crypt:3: 1514 daAuts
 Snake:3: 1510 daAuts
 Snake:4: 1506 daAuts
